AoeStats
← Espheni

Hideout

510119572Analyzed
1v1 RM · 3d ago on Sep 29, 2026· 47m 29s· 2 players
Game mode
Random Map
Map size
Tiny (2 player)
Population
200
Speed
Normal
Resources
Standard
Victory
Conquest
Starting age
Dark Age
Ending age
Imperial Age
RankedLock teamsTeams togetherTeam positionsShared explorationLock speedFull tech treeHidden civsTurbo modeCheats
Victory
Defeat
🇪🇸 Mongols · Spain
1448
+15
🇩🇪 Danes · Germany
1429
-15
Espheni
8:32 Feudal Age
7:52 Loom
9:02 Double-Bit Axe
9:41 Horse Collar
9:44 Man-at-Arms
10:56 Arson
17:57 Castle Age
16:57 Scale Mail Armor
17:41 Forging
18:50 Bow Saw
18:45 Squires
18:32 Gambesons
19:15 Chain Mail Armor
19:13 Heavy Plow
23:52 Gambesons
25:19 Gold Mining
26:39 Wheelbarrow
33:19 Imperial Age
33:33 Iron Casting
33:23 Capped Ram
34:41 Plate Mail Armor
35:51 Blast Furnace
34:36 Elite Varangian Guard
35:26 Capped Ram
44:17 Fletching
45:09 Bodkin Arrow
45:57 Thumb Ring
46:41 Bracer
46:24 Elite Skirmisher
47:06 Padded Archer Armor
Madcap3005
9:40 Feudal Age
11:00 Loom
13:56 Castle Age
12:45 Double-Bit Axe
13:11 Horse Collar
17:30 Wheelbarrow
17:46 Bloodlines
21:13 Town Watch
21:32 Heavy Plow
23:51 Fletching
26:13 Bodkin Arrow
27:14 Gold Mining
32:00 Imperial Age
30:16 Hand Cart
31:31 Padded Archer Armor
35:55 Bracer
38:10 Ballistics
38:51 Chemistry
39:28 Thumb Ring
43:00 Leather Archer Armor
44:35 Elite Mangudai
45:48 Husbandry
45:45 Capped Ram
47:32 Drill
Connection lost

Rejoining the realm…

Still unreachable

The connection could not be restored.

Session expired

The server has moved on; the page needs a fresh start.